Map: Deathaura LE

Players

INnoVation

  • Race: Terran Terran
  • League: Grandmaster
  • Spawn Location: 11:00

TIME (Oliveira) - Winner!

  • Race: Terran Terran
  • League: Grandmaster
  • Spawn Location: 5:00

Event: DreamHack SC2 Masters 2020 Winter

VOD

Have the link to the VOD?

Description

Time

  • Played on: Nov. 11, 2020, 11:07 a.m.
  • Length: 7:57

All games in this series

Show
View Real Time Build Order
Export as new Build Order

INnoVation Terran 

Build Orders:  

Get SALT Encoding   

  12  0:00  SCV  
  13  0:12  SCV  
  14  0:17  Supply Depot  
  14  0:24  SCV  
  15  0:38  SCV  
  15  0:39  Barracks  
  16  0:43  Refinery  
  16  0:50  SCV  
  16  0:53  Refinery  
  17  1:02  SCV  
  18  1:14  SCV  
  19  1:26  Orbital Command, Reaper  
  19  1:30  Supply Depot  
  20  1:42  Factory  
  20  1:52  SCV  
  21  1:58  Reaper  
  22  2:04  SCV  
  23  2:16  SCV  
  23  2:21  Command Center  
  24  2:27  Hellion  
  24  2:28  SCV  
  27  2:31  Barracks Reactor  
  27  2:40  SCV  
  27  2:42  Starport  
  28  2:47  Supply Depot  
  28  2:53  SCV, Factory Tech Lab  
  29  3:05  SCV  
  30  3:10  Marine x2  
  32  3:13  Refinery  
  32  3:15  Siege Tank  
  32  3:19  SCV  
  36  3:24  Medivac  
  38  3:29  Marine  
  38  3:32  Marine  
  40  3:34  Orbital Command  
  40  3:37  SCV  
  41  3:47  Siege Tank  
  44  3:48  Marine  
  44  3:50  Marine  
  44  3:54  Starport Tech Lab  
  46  3:57  SCV  
  46  4:01  SCV  
  48  4:04  Supply Depot  
  48  4:09  SCV  
  49  4:12  Raven, Marine  
  49  4:13  Marine  
  53  4:17  SCV  
  54  4:25  SCV  
  54  4:28  Siege Tank  
  54  4:30  Marine x2  
  60  4:34  SCV  
  60  4:38  SCV  
  53  4:47  Command Center  
  53  4:49  SCV  
  53  4:50  SCV  
  55  4:55  Raven  
  55  4:56  Marine x2, Supply Depot  
  59  5:02  SCV  
  59  5:03  SCV  
  61  5:07  Refinery  
  61  5:14  Marine  
  61  5:17  Marine  
  61  5:18  SCV x2, Siege Tank, Supply Depot  
  68  5:30  SCV x2  
  68  5:42  SCV x2  
  70  5:47  Marine, Viking x2  
  70  5:49  Stimpack  
  73  5:50  Siege Tank  
  73  5:54  SCV x2  
  78  5:57  Supply Depot  
  78  5:59  Orbital Command  
  78  6:00  Barracks  
  78  6:01  Barracks  
  78  6:06  SCV x2  
  80  6:12  Engineering Bay x2  
  80  6:18  Viking x2  
  80  6:21  Marine  
  80  6:22  SCV  
  80  6:23  SCV  
  80  6:24  Orbital Command  
  87  6:28  Siege Tank  
  89  6:34  Supply Depot  
  89  6:37  SCV  
  89  6:38  SCV  
  91  6:53  Barracks Reactor x2  
  91  6:54  Marine, SCV  
  70  6:55  SCV x2  
  70  7:00  Barracks  
  70  7:01  Siege Tank  
  76  7:02  Barracks  
  76  7:05  Viking  
  76  7:06  Viking  
  80  7:08  SCV x3  
  80  7:12  Marine  
  83  7:19  Refinery  
  83  7:20  SCV x2, Refinery  
  83  7:21  SCV  
  86  7:23  Supply Depot  
  86  7:29  Marine  
  85  7:33  Marine x4  
  91  7:42  SCV x2  
  91  7:44  SCV  
Show
View Real Time Build Order
Export as new Build Order

TIME Terran - Winner!

Build Orders: Reaper Expand 

Get SALT Encoding   

  12  0:00  SCV  
  13  0:12  SCV  
  14  0:17  Supply Depot  
  14  0:24  SCV  
  15  0:39  SCV  
  15  0:40  Barracks  
  16  0:44  Refinery  
  16  0:51  SCV  
  17  1:03  SCV  
  18  1:15  SCV  
  19  1:28  Reaper  
  19  1:29  Orbital Command  
  20  1:41  Command Center  
  20  1:48  Supply Depot  
  20  1:54  SCV  
  20  2:00  Marine  
  22  2:06  SCV  
  23  2:09  Factory  
  23  2:13  Bunker  
  23  2:18  SCV  
  23  2:20  Refinery  
  24  2:23  Barracks Reactor  
  24  2:31  SCV  
  25  2:43  SCV  
  26  2:53  Orbital Command  
  26  2:54  Starport  
  26  2:56  SCV  
  27  3:03  Hellion x2  
  31  3:06  Barracks Tech Lab  
  31  3:08  SCV  
  32  3:19  SCV  
  33  3:20  SCV  
  33  3:24  Hellion  
  33  3:26  Supply Depot, Hellion  
  38  3:32  SCV  
  38  3:33  Refinery  
  39  3:34  SCV  
  39  3:39  Raven  
  42  3:46  Widow Mine  
  42  3:48  Widow Mine, Barracks Tech Lab  
  46  3:49  SCV  
  46  3:50  SCV  
  46  3:52  Supply Depot  
  48  4:01  SCV  
  49  4:04  SCV  
  50  4:14  SCV  
  51  4:22  Marine x2  
  51  4:24  Cyclone  
  56  4:28  SCV  
  56  4:31  Raven  
  56  4:39  SCV, Marine  
  56  4:40  Marine, SCV  
  58  4:49  Command Center  
  58  4:51  SCV  
  58  4:52  SCV  
  60  4:54  Supply Depot  
  62  5:03  SCV  
  62  5:04  SCV  
  62  5:09  Supply Depot  
  62  5:14  Barracks  
  62  5:15  Siege Tank, SCV  
  62  5:17  Barracks  
  62  5:21  Marine, Stimpack  
  67  5:23  Viking  
  67  5:24  SCV  
  70  5:28  Refinery  
  70  5:30  SCV, Viking  
  73  5:37  SCV  
  73  5:38  Marine  
  73  5:42  SCV  
  74  5:49  SCV, Siege Tank  
  77  5:55  SCV, Engineering Bay  
  77  5:56  Engineering Bay  
  78  5:59  Supply Depot  
  78  6:06  Barracks Reactor  
  78  6:10  Marine, Viking x2, SCV x2  
  85  6:11  Orbital Command  
  85  6:16  Barracks Reactor  
  85  6:22  SCV x2  
  85  6:24  Siege Tank  
  90  6:33  Marine  
  90  6:34  SCV  
  90  6:38  Orbital Command  
  90  6:40  SCV  
  90  6:42  Viking x2  
  90  6:44  Supply Depot  
  83  6:55  Marine x2  
  83  6:56  Marine x3  
  83  6:57  SCV x2  
  90  7:03  Siege Tank  
  90  7:05  Supply Depot  
  90  7:07  SCV  
  94  7:09  SCV x2  
  94  7:10  Supply Depot  
  94  7:13  Marine x2  
  98  7:16  Barracks  
  98  7:17  Barracks  
  98  7:18  Marine x2  
  98  7:20  SCV  
  101  7:26  SCV x2  
  101  7:27  Marine  
  101  7:28  Supply Depot  
  104  7:31  Marine  
  104  7:33  Supply Depot  
  103  7:39  Marine  
  103  7:43  SCV  
  108  7:44  SCV x2  
Tags
 
Add a new tag
Caveats
  • Supply blocks, unpowered buildings, or Contaminate may cause inaccurate times.
  • Supply counts are checked every 10 seconds.